| TOP OF THE 1ST |
|
Sarasota Eagles batting - Pitching for Port Lavaca Indians : RHP Steven Yenser
|
|
Pitching: RHP Steven Yenser
|
|
|
Batting: SHB Todd Mabe
|
0-0: SINGLE (Line Drive, 6M, EV 98.1 MPH)
|
|
Batting: RHB Darrin Jackson
|
0-0: Ball 1-0: Ball 2-0: Ball 3-0: Called Strike 3-1: Called Strike 3-2: Fly out, F8 (Flyball, 8LD, EV 102.5 MPH)
|
|
Batting: RHB Thomas Brassil
|
0-0: Called Strike 0-1: Ball 1-1: Swinging Strike 1-2: Foul Ball, location: 2F 1-2: Strikes out swinging
|
|
Batting: SHB Ramon Sambo
|
0-0: Ball Todd Mabe is caught stealing 2nd base 2-6
|
| Top of the 1st over - 0 runs, 1 hit, 0 errors, 0 left on base; Sarasota 0 - Port Lavaca 0 |
| BOTTOM OF THE 1ST |
|
Port Lavaca Indians batting - Pitching for Sarasota Eagles : RHP Mark Bauer
|
|
Pitching: RHP Mark Bauer
|
|
|
Batting: LHB William Tirado
|
0-0: Foul Ball, location: 2F 0-1: Ball 1-1: Fly out, F9 (Flyball, 89S, EV 88.8 MPH)
|
|
Batting: LHB Antonio Huerta
|
0-0: Ball 1-0: DOUBLE (Flyball, 78D, EV 108.1 MPH)
|
|
Batting: LHB Wally Joyner
|
0-0: Ball 1-0: Swinging Strike 1-1: Ball 2-1: Swinging Strike 2-2: Foul Ball, location: 2F 2-2: Ball 3-2: Strikes out looking
|
|
Batting: LHB Scott Loseke
|
0-0: Ball 1-0: Ball 2-0: Called Strike 2-1: Ball 3-1: Base on Balls
|
|
Batting: LHB Jim Spring
|
0-0: Called Strike 0-1: Swinging Strike 0-2: Strikes out swinging
|
| Bottom of the 1st over - 0 runs, 1 hit, 0 errors, 2 left on base; Sarasota 0 - Port Lavaca 0 |
| TOP OF THE 2ND |
|
Sarasota Eagles batting - Pitching for Port Lavaca Indians : RHP Steven Yenser
|
|
Batting: SHB Ramon Sambo
|
0-0: Called Strike 0-1: Fly out, F8 (Line Drive, 8LD, EV 100.6 MPH)
|
|
Batting: LHB Dave Martinez
|
0-0: Foul Ball, location: 2F 0-1: Ball 1-1: Fly out, F8 (Flyball, 89D, EV 91.3 MPH)
|
|
Batting: LHB John Metasavage
|
0-0: Ball 1-0: Called Strike 1-1: Ball 2-1: Foul Ball, location: 2F 2-2: Ball 3-2: Foul Ball, location: 2F 3-2: Fly out, F9 (Flyball, 9D, EV 91.9 MPH)
|
| Top of the 2nd over - 0 runs, 0 hits, 0 errors, 0 left on base; Sarasota 0 - Port Lavaca 0 |
| BOTTOM OF THE 2ND |
|
Port Lavaca Indians batting - Pitching for Sarasota Eagles : RHP Mark Bauer
|
|
Batting: SHB Ruben Sierra
|
0-0: Called Strike 0-1: Ball 1-1: Ball 2-1: Swinging Strike 2-2: Ball 3-2: Strikes out swinging
|
|
Batting: RHB Robert Mills
|
0-0: Called Strike 0-1: Ball 1-1: Swinging Strike 1-2: Fly out, F7 (Flyball, 78XD, EV 85.0 MPH)
|
|
Batting: RHB Thomas Baumgartner
|
0-0: Ground out 4-3 (Groundball, 4, EV 108.8 MPH)
|
| Bottom of the 2nd over - 0 runs, 0 hits, 0 errors, 0 left on base; Sarasota 0 - Port Lavaca 0 |
| TOP OF THE 3RD |
|
Sarasota Eagles batting - Pitching for Port Lavaca Indians : RHP Steven Yenser
|
|
Batting: RHB Matt Stark
|
0-0: Ball 1-0: Fly out, F8 (Flyball, 89M, EV 92.5 MPH)
|
|
Batting: RHB Terry Schriner
|
0-0: Ground out 5-3 (Groundball, 56S, EV 68.8 MPH)
|
|
Batting: LHB Kevin Johnston
|
0-0: Foul Ball, location: 2F 0-1: SOLO HOME RUN (Line Drive, 9LD, EV 100.0 MPH), Distance : 367 ft
|
|
Batting: SHB Todd Mabe
|
0-0: Ball 1-0: Ground out U3 (Groundball, 23, EV 81.3 MPH)
|
| Top of the 3rd over - 1 run, 1 hit, 0 errors, 0 left on base; Sarasota 1 - Port Lavaca 0 |
| BOTTOM OF THE 3RD |
|
Port Lavaca Indians batting - Pitching for Sarasota Eagles : RHP Mark Bauer
|
|
Batting: RHB Jeffrey Rhodes
|
0-0: Called Strike 0-1: Foul Ball, location: 2F 0-2: Strikes out swinging
|
|
Batting: LHB William Tirado
|
0-0: Called Strike 0-1: Ball 1-1: Foul Ball, location: 2F 1-2: Ground out U3 (Groundball, 34S, EV 86.9 MPH)
|
|
Batting: LHB Antonio Huerta
|
0-0: Ball 1-0: Foul Ball, location: 2F 1-1: Ground out 4-3 (Groundball, 34D, EV 108.8 MPH)
|
| Bottom of the 3rd over - 0 runs, 0 hits, 0 errors, 0 left on base; Sarasota 1 - Port Lavaca 0 |
| TOP OF THE 4TH |
|
Sarasota Eagles batting - Pitching for Port Lavaca Indians : RHP Steven Yenser
|
|
Batting: RHB Darrin Jackson
|
0-0: Ball 1-0: Foul Ball, location: 2F 1-1: Ball 2-1: Foul Ball, location: 2F 2-2: Foul Ball, location: 2F 2-2: Foul Ball, location: 2F 2-2: Fly out, F9 (Line Drive, 9, EV 95.0 MPH)
|
|
Batting: RHB Thomas Brassil
|
0-0: Ball 1-0: SINGLE (Groundball, 6MD, EV 107.5 MPH)
|
|
Batting: SHB Ramon Sambo
|
0-0: Called Strike 0-1: Fly out, F4 (Flyball, 34D, EV 88.1 MPH)
|
|
Batting: LHB Dave Martinez
|
0-0: Called Strike 0-1: Foul Ball, location: 2F 0-2: Strikes out looking
|
| Top of the 4th over - 0 runs, 1 hit, 0 errors, 1 left on base; Sarasota 1 - Port Lavaca 0 |
| BOTTOM OF THE 4TH |
|
Port Lavaca Indians batting - Pitching for Sarasota Eagles : RHP Mark Bauer
|
|
Batting: LHB Wally Joyner
|
0-0: Ball 1-0: Called Strike 1-1: Swinging Strike 1-2: Ground out 4-3 (Groundball, 4M, EV 93.8 MPH)
|
|
Batting: LHB Scott Loseke
|
0-0: Called Strike 0-1: Foul Ball, location: 2F 0-2: Ground out 4-3 (Groundball, 4S, EV 85.6 MPH)
|
|
Batting: LHB Jim Spring
|
0-0: Called Strike 0-1: Called Strike 0-2: Strikes out swinging, 2-3 out at first.
|
| Bottom of the 4th over - 0 runs, 0 hits, 0 errors, 0 left on base; Sarasota 1 - Port Lavaca 0 |
| TOP OF THE 5TH |
|
Sarasota Eagles batting - Pitching for Port Lavaca Indians : RHP Steven Yenser
|
|
Batting: LHB John Metasavage
|
0-0: Ball 1-0: Ball 2-0: Ground out 4-3 (Groundball, 34D, EV 107.5 MPH)
|
|
Batting: RHB Matt Stark
|
0-0: Fly out, F9 (Flyball, 9S, EV 90.6 MPH)
|
|
Batting: RHB Terry Schriner
|
0-0: Ball 1-0: Swinging Strike 1-1: Foul Ball, location: 2F 1-2: Foul Ball, location: 2F 1-2: Ball 2-2: Fly out, F8 (Flyball, 8LD, EV 100.0 MPH)
|
| Top of the 5th over - 0 runs, 0 hits, 0 errors, 0 left on base; Sarasota 1 - Port Lavaca 0 |
| BOTTOM OF THE 5TH |
|
Port Lavaca Indians batting - Pitching for Sarasota Eagles : RHP Mark Bauer
|
|
Batting: SHB Ruben Sierra
|
0-0: Swinging Strike 0-1: Foul Ball, location: 2F 0-2: Strikes out swinging, 2-3 out at first.
|
|
Batting: RHB Robert Mills
|
0-0: Fly out, F3 (Line Drive, 3, EV 73.1 MPH)
|
|
Batting: RHB Thomas Baumgartner
|
0-0: Called Strike 0-1: Ball 1-1: Foul Ball, location: 2F 1-2: Ball 2-2: Strikes out swinging
|
| Bottom of the 5th over - 0 runs, 0 hits, 0 errors, 0 left on base; Sarasota 1 - Port Lavaca 0 |
| TOP OF THE 6TH |
|
Sarasota Eagles batting - Pitching for Port Lavaca Indians : RHP Steven Yenser
|
|
Batting: LHB Kevin Johnston
|
0-0: Called Strike 0-1: Ball 1-1: Called Strike 1-2: Ball 2-2: Foul Ball, location: 2F 2-2: Ball 3-2: Base on Balls
|
|
Batting: SHB Todd Mabe
|
0-0: Ball 1-0: Ball 2-0: Bunted foul 2-1: Sac Bunt to P - play at second, runner OUT! 1-6
|
|
Batting: RHB Darrin Jackson
|
0-0: Called Strike Todd Mabe steals 2nd base (no throw) 0-1: Ball 1-1: Ball 2-1: Ball 3-1: SINGLE (Line Drive, 7LM, EV 94.4 MPH) Todd Mabe to third Runner from 3rd tries for Home, SAFE, throw by LF to home
|
|
Batting: RHB Thomas Brassil
|
0-0: Called Strike 0-1: Ball 1-1: Foul Ball, location: 2F 1-2: Foul Ball, location: 2F 1-2: Ball 2-2: Ball 3-2: Foul Ball, location: 2F 3-2: Base on Balls Darrin Jackson to second
|
|
Batting: SHB Ramon Sambo
|
0-0: Called Strike Thomas Brassil steals 2nd, throwing error, E2 Darrin Jackson scores Thomas Brassil to third 0-1: Foul Ball, location: 2F 0-2: Ball 1-2: Ball 2-2: Foul Ball, location: 2F 2-2: Strikes out swinging
|
|
Batting: LHB Dave Martinez
|
0-0: Called Strike 0-1: Ball 1-1: Ball 2-1: Swinging Strike 2-2: Ball 3-2: Base on Balls
|
|
Batting: LHB John Metasavage
|
0-0: Ball 1-0: Foul Ball, location: 2F 1-1: Fly out, F8 (Flyball, 89M, EV 93.1 MPH)
|
| Top of the 6th over - 2 runs, 1 hit, 1 error, 2 left on base; Sarasota 3 - Port Lavaca 0 |
| BOTTOM OF THE 6TH |
|
Port Lavaca Indians batting - Pitching for Sarasota Eagles : RHP Mark Bauer
|
|
Batting: RHB Jeffrey Rhodes
|
0-0: Foul Ball, location: 2F 0-1: Ball 1-1: Ground out 5-3 (Groundball, 56S, EV 63.8 MPH)
|
|
Batting: LHB William Tirado
|
0-0: Ball 1-0: Foul Ball, location: 2F 1-1: Ball 2-1: Swinging Strike 2-2: Fly out, F9 (Line Drive, 9, EV 110.6 MPH)
|
|
Batting: LHB Antonio Huerta
|
0-0: Ball 1-0: Called Strike 1-1: Swinging Strike 1-2: Fly out, F8 (Flyball, 78XD, EV 90.6 MPH)
|
| Bottom of the 6th over - 0 runs, 0 hits, 0 errors, 0 left on base; Sarasota 3 - Port Lavaca 0 |
| TOP OF THE 7TH |
|
Sarasota Eagles batting - Pitching for Port Lavaca Indians : RHP Steven Yenser
|
|
Batting: RHB Matt Stark
|
0-0: Ball 1-0: Called Strike 1-1: Ball 2-1: Foul Ball, location: 2F 2-2: Fly out, F8 (Flyball, 78M, EV 93.1 MPH)
|
|
Batting: RHB Terry Schriner
|
0-0: Fly out, F6 (Flyball, 56D, EV 86.3 MPH)
|
|
Batting: LHB Kevin Johnston
|
0-0: Ball 1-0: Fly out, F7 (Flyball, 7, EV 93.1 MPH)
|
| Top of the 7th over - 0 runs, 0 hits, 0 errors, 0 left on base; Sarasota 3 - Port Lavaca 0 |
| BOTTOM OF THE 7TH |
|
Port Lavaca Indians batting - Pitching for Sarasota Eagles : RHP Mark Bauer
|
|
Batting: LHB Wally Joyner
|
0-0: Fly out, F7 (Flyball, 7S, EV 88.8 MPH)
|
|
Batting: LHB Scott Loseke
|
0-0: Foul Ball, location: 2F 0-1: Ball 1-1: Foul Ball, location: 2F 1-2: Foul Ball, location: 2F 1-2: Ball 2-2: Ball 3-2: Foul Ball, location: 2F 3-2: Base on Balls
|
|
Batting: LHB Jim Spring
|
0-0: Foul Ball, location: 2F 0-1: Ball Wild Pitch! Scott Loseke to second 1-1: Swinging Strike 1-2: Ball 2-2: Foul Ball, location: 2F 2-2: Ball 3-2: Foul Ball, location: 2F 3-2: Foul Ball, location: 2F 3-2: Foul Ball, location: 2F 3-2: Foul Ball, location: 2F 3-2: Base on Balls
|
|
Batting: SHB Ruben Sierra
|
0-0: Ball 1-0: SINGLE (Line Drive, 78S, EV 103.8 MPH) Scott Loseke to third Jim Spring to second Runner from 3rd tries for Home, SAFE, throw by LF to home
|
|
Pinch Hitting: SHB John Rigos
|
0-0: Foul Ball, location: 2F 0-1: Ball 1-1: Swinging Strike 1-2: Ball 2-2: Strikes out swinging
|
|
Pitching: RHP Marco Rivera
|
|
|
Pinch Hitting: LHB Ralph Sheffield
|
0-0: Ball 1-0: Ball 2-0: Called Strike 2-1: Called Strike 2-2: SINGLE (Line Drive, 4D, EV 106.9 MPH) Jim Spring to third Ruben Sierra to second Runner from 3rd tries for Home, SAFE, throw by RF to home
|
|
Pinch Hitting: RHB Jim Lindeman
|
0-0: Ball 1-0: Foul Ball, location: 2F 1-1: Foul Ball, location: 2F 1-2: Fly out, F3 (Popup, 3F, EV 63.8 MPH)
|
| Bottom of the 7th over - 2 runs, 2 hits, 0 errors, 2 left on base; Sarasota 3 - Port Lavaca 2 |
| TOP OF THE 8TH |
|
Sarasota Eagles batting - Pitching for Port Lavaca Indians : RHP Steven Yenser
|
|
Now at C: Jeff Schugel
|
|
|
Now at 3B: Zoilo Sanchez
|
|
|
Now in CF: Jim Lindeman
|
|
|
Batting: SHB Todd Mabe
|
0-0: Called Strike 0-1: Fly out, F8 (Flyball, 8RD, EV 108.1 MPH)
|
|
Batting: RHB Darrin Jackson
|
0-0: Called Strike 0-1: Called Strike 0-2: Ball 1-2: Strikes out looking
|
|
Batting: RHB Thomas Brassil
|
0-0: Ball 1-0: Ball 2-0: Swinging Strike 2-1: DOUBLE (Line Drive, 8LD, EV 104.4 MPH)
|
|
Batting: SHB Ramon Sambo
|
0-0: Called Strike 0-1: Swinging Strike 0-2: Ball 1-2: Strikes out swinging
|
| Top of the 8th over - 0 runs, 1 hit, 0 errors, 1 left on base; Sarasota 3 - Port Lavaca 2 |
| BOTTOM OF THE 8TH |
|
Port Lavaca Indians batting - Pitching for Sarasota Eagles : RHP Marco Rivera
|
|
Batting: LHB William Tirado
|
0-0: Called Strike 0-1: Ball 1-1: Ball 2-1: Ball 3-1: Foul Ball, location: 2F 3-2: Foul Ball, location: 2F 3-2: Base on Balls
|
|
Pitching: RHP Dave Lenderman
|
|
|
Batting: LHB Antonio Huerta
|
0-0: Bunt - Flyout to 3S! F3
|
|
Batting: LHB Wally Joyner
|
0-0: Ball 1-0: Foul Ball, location: 2F 1-1: Fly out, F2 (Popup, 25F, EV 84.4 MPH)
|
|
Batting: LHB Scott Loseke
|
0-0: Ball 1-0: Ball 2-0: Swinging Strike 2-1: Fly out, F8 (Flyball, 8RM, EV 76.9 MPH)
|
| Bottom of the 8th over - 0 runs, 0 hits, 0 errors, 1 left on base; Sarasota 3 - Port Lavaca 2 |
| TOP OF THE 9TH |
|
Sarasota Eagles batting - Pitching for Port Lavaca Indians : RHP Steven Yenser
|
|
Batting: LHB Dave Martinez
|
0-0: Ball 1-0: Called Strike 1-1: Swinging Strike 1-2: Strikes out swinging
|
|
Batting: LHB John Metasavage
|
0-0: Called Strike 0-1: Ball 1-1: Swinging Strike 1-2: Ball 2-2: Ball 3-2: SINGLE (Line Drive, 78S, EV 101.9 MPH)
|
|
Batting: RHB Matt Stark
|
0-0: Swinging Strike 0-1: Fly out, F7 (Line Drive, 7, EV 91.3 MPH)
|
|
Pitching: RHP Michael Shuleeta
|
|
|
Batting: RHB Terry Schriner
|
0-0: Ball 1-0: Ball 2-0: Ball 3-0: Called Strike 3-1: Base on Balls John Metasavage to second
|
|
Batting: LHB Kevin Johnston
|
0-0: Ball 1-0: Ball 2-0: Ball 3-0: Base on Balls John Metasavage to third Terry Schriner to second
|
|
Batting: SHB Todd Mabe
|
0-0: Foul Ball, location: 2F 0-1: Swinging Strike 0-2: Ball 1-2: Strikes out swinging
|
| Top of the 9th over - 0 runs, 1 hit, 0 errors, 3 left on base; Sarasota 3 - Port Lavaca 2 |
| BOTTOM OF THE 9TH |
|
Port Lavaca Indians batting - Pitching for Sarasota Eagles : RHP Dave Lenderman
|
|
Pitching: RHP Charlie Corbell
|
|
|
Batting: LHB Jim Spring
|
0-0: Ball 1-0: Ball 2-0: Called Strike 2-1: Called Strike 2-2: SOLO HOME RUN (Flyball, 7LD, EV 95.6 MPH), Distance : 369 ft
|
|
Batting: SHB Ruben Sierra
|
0-0: Ball 1-0: Foul Ball, location: 2F 1-1: Swinging Strike 1-2: Ball 2-2: Ball 3-2: Strikes out swinging
|
|
Batting: RHB Jeff Schugel
|
0-0: Foul Ball, location: 2F 0-1: Ball 1-1: Called Strike 1-2: Ball 2-2: Strikes out looking
|
|
Pinch Hitting: RHB Everton Johnson
|
0-0: Ground out 4-3 (Groundball, 4, EV 87.5 MPH)
|
| Bottom of the 9th over - 1 run, 1 hit, 0 errors, 0 left on base; Sarasota 3 - Port Lavaca 3 |
| TOP OF THE 10TH |
|
Sarasota Eagles batting - Pitching for Port Lavaca Indians : RHP Michael Shuleeta
|
|
Pitching: RHP David Lesch
|
|
|
Now at 3B: Jeff Lawson
|
|
|
Batting: RHB Darrin Jackson
|
0-0: Ball 1-0: DOUBLE (Line Drive, 8RD, EV 108.1 MPH)
|
|
Batting: RHB Thomas Brassil
|
0-0: Foul Ball, location: 2F 0-1: Ball 1-1: Swinging Strike 1-2: Foul Ball, location: 2F 1-2: Ball 2-2: Strikes out swinging
|
|
Batting: SHB Ramon Sambo
|
0-0: Called Strike 0-1: Ball 1-1: Ball Darrin Jackson steals 3rd base 2-1: Ball 3-1: Base on Balls
|
|
Batting: LHB Dave Martinez
|
0-0: Ball Ramon Sambo steals 2nd base (no throw) 1-0: Foul Ball, location: 2F 1-1: Foul Ball, location: 2F 1-2: Ball 2-2: 3-RUN HOME RUN (Flyball, 9D, EV 90.0 MPH), Distance : 367 ft
|
|
Batting: LHB John Metasavage
|
0-0: Fly out, F6 (Line Drive, 6, EV 68.1 MPH)
|
|
Batting: RHB Matt Stark
|
0-0: Called Strike 0-1: Ball 1-1: Swinging Strike 1-2: Foul Ball, location: 2F 1-2: Ball 2-2: Strikes out looking
|
| Top of the 10th over - 3 runs, 2 hits, 0 errors, 0 left on base; Sarasota 6 - Port Lavaca 3 |
| BOTTOM OF THE 10TH |
|
Port Lavaca Indians batting - Pitching for Sarasota Eagles : RHP Charlie Corbell
|
|
Batting: RHB Jim Lindeman
|
0-0: SOLO HOME RUN (Flyball, 7D, EV 97.5 MPH), Distance : 357 ft
|
|
Batting: LHB William Tirado
|
0-0: Ground out 4-3 (Groundball, 4, EV 83.1 MPH)
|
|
Batting: LHB Antonio Huerta
|
0-0: Ball 1-0: Fly out, F4 (Popup, 4M, EV 63.1 MPH)
|
|
Batting: LHB Wally Joyner
|
0-0: Ball 1-0: Foul Ball, location: 2F 1-1: Foul Ball, location: 2F 1-2: Ball 2-2: Ball 3-2: SINGLE (Flyball, 56D, EV 83.1 MPH)
|
|
Batting: LHB Scott Loseke
|
0-0: 2-RUN HOME RUN (Flyball, 9LD, EV 108.1 MPH), Distance : 368 ft
|
|
Batting: LHB Jim Spring
|
0-0: Called Strike 0-1: Ball 1-1: Ball 2-1: Foul Ball, location: 2F 2-2: Fly out, F8 (Line Drive, 8RM, EV 88.1 MPH)
|
| Bottom of the 10th over - 3 runs, 3 hits, 0 errors, 0 left on base; Sarasota 6 - Port Lavaca 6 |
| TOP OF THE 11TH |
|
Sarasota Eagles batting - Pitching for Port Lavaca Indians : RHP David Lesch
|
|
Pitching: RHP Mark Leonette
|
|
|
Pinch Hitting: LHB Ricky Lemon
|
0-0: Ball 1-0: Foul Ball, location: 2F 1-1: Foul Ball, location: 2F 1-2: Strikes out looking
|
|
Batting: LHB Kevin Johnston
|
0-0: Ball 1-0: Ground out 5-3 (Groundball, 5, EV 86.3 MPH)
|
|
Batting: SHB Todd Mabe
|
0-0: Ball 1-0: Swinging Strike 1-1: Ball 2-1: Called Strike 2-2: Ball 3-2: Base on Balls
|
|
Batting: RHB Darrin Jackson
|
0-0: Foul Ball, location: 2F 0-1: Ball 1-1: Ball 2-1: Foul Ball, location: 2F 2-2: Ball 3-2: Ground out 5-3 (Groundball, 5, EV 90.6 MPH)
|
| Top of the 11th over - 0 runs, 0 hits, 0 errors, 1 left on base; Sarasota 6 - Port Lavaca 6 |
| BOTTOM OF THE 11TH |
|
Port Lavaca Indians batting - Pitching for Sarasota Eagles : RHP Charlie Corbell
|
|
Now in RF: Ricky Lemon
|
|
|
Batting: SHB Ruben Sierra
|
0-0: Called Strike 0-1: Swinging Strike 0-2: Ball 1-2: Foul Ball, location: 2F 1-2: SINGLE (Line Drive, 78M, EV 93.8 MPH)
|
|
Batting: RHB Jeff Schugel
|
0-0: Ball 1-0: Ball 2-0: Ball 3-0: Called Strike 3-1: Fly out, F9 (Flyball, 9D, EV 105.6 MPH) Runner from 1st tags up, SAFE at 2nd
|
|
Batting: RHB Jeff Lawson
|
0-0: Called Strike 0-1: Foul Ball, location: 2F 0-2: Strikes out swinging
|
|
Batting: RHB Jim Lindeman
|
0-0: Called Strike 0-1: Foul Ball, location: 2F 0-2: Ball 1-2: Ball 2-2: Ball 3-2: Foul Ball, location: 2F 3-2: Strikes out swinging
|
| Bottom of the 11th over - 0 runs, 1 hit, 0 errors, 1 left on base; Sarasota 6 - Port Lavaca 6 |
| TOP OF THE 12TH |
|
Sarasota Eagles batting - Pitching for Port Lavaca Indians : RHP Mark Leonette
|
|
Batting: RHB Thomas Brassil
|
0-0: Called Strike 0-1: Ball 1-1: Ball 2-1: Foul Ball, location: 2F 2-2: Strikes out swinging
|
|
Batting: SHB Ramon Sambo
|
0-0: Called Strike 0-1: Ball 1-1: Ball 2-1: Foul Ball, location: 2F 2-2: Ball 3-2: Foul Ball, location: 2F 3-2: Foul Ball, location: 2F 3-2: Strikes out looking
|
|
Batting: LHB Dave Martinez
|
0-0: Ball 1-0: Foul Ball, location: 2F 1-1: Foul Ball, location: 2F 1-2: Ball 2-2: DOUBLE (Groundball, 3L, EV 103.8 MPH)
|
|
Batting: LHB John Metasavage
|
0-0: Intentional Walk
|
|
Batting: RHB Matt Stark
|
0-0: Called Strike 0-1: Called Strike 0-2: Ball 1-2: Ball 2-2: Strikes out swinging
|
| Top of the 12th over - 0 runs, 1 hit, 0 errors, 2 left on base; Sarasota 6 - Port Lavaca 6 |
| BOTTOM OF THE 12TH |
|
Port Lavaca Indians batting - Pitching for Sarasota Eagles : RHP Charlie Corbell
|
|
Batting: LHB William Tirado
|
0-0: Ball 1-0: Ball 2-0: Ball 3-0: Called Strike 3-1: Base on Balls
|
|
Batting: LHB Antonio Huerta
|
0-0: Sac Bunt to 15S - play at second, runner OUT! 1-6
|
|
Batting: LHB Wally Joyner
|
0-0: Called Strike 0-1: Ball 1-1: Ball 2-1: Swinging Strike 2-2: Ball 3-2: SINGLE (Line Drive, 78M, EV 91.3 MPH) Antonio Huerta to second
|
|
Batting: LHB Scott Loseke
|
0-0: Ball 1-0: Swinging Strike 1-1: Called Strike 1-2: Ball 2-2: Ball 3-2: Base on Balls Antonio Huerta to third Wally Joyner to second
|
|
Pitching: RHP Ricky Rodriguez
|
|
|
Batting: LHB Jim Spring
|
0-0: Foul Ball, location: 2F 0-1: Foul Ball, location: 2F 0-2: SINGLE (Groundball, 13S, EV 68.8 MPH) (infield hit) Antonio Huerta scores Wally Joyner to third Scott Loseke to second
|
| Bottom of the 12th over - 1 run, 2 hits, 0 errors, 0 left on base; Sarasota 6 - Port Lavaca 7 |
|